| TOP OF THE 1ST |
|
Portland Stag batting - Pitching for Tacoma Rainiers : RHP Mike Trombley
|
|
Pitching: RHP Mike Trombley
|
|
|
Batting: SHB Jose Vizcaino
|
0-0: Called Strike 0-1: Foul Ball, location: 2F 0-2: Ball 1-2: Ball 2-2: Foul Ball, location: 2F 2-2: Ball 3-2: SINGLE (Groundball, 6D, EV 101.9 MPH)
|
|
Batting: RHB Fernando Tatis
|
0-0: Ball 1-0: Ball 2-0: SINGLE (Groundball, 4D, EV 103.8 MPH) Jose Vizcaino to second
|
|
Batting: LHB Scott Stahoviak
|
0-0: Fly out, F8 (Flyball, 78S, EV 75.6 MPH)
|
|
Batting: RHB Jeff Kunkel
|
0-0: SINGLE (Line Drive, 89S, EV 110.6 MPH) Jose Vizcaino to third Fernando Tatis to second
|
|
Batting: RHB Wes Chamberlain
|
0-0: Ball 1-0: Fielders Choice at 2nd, 4-6 (Groundball, 4, EV 108.1 MPH) Jose Vizcaino scores Fernando Tatis to third
|
|
Batting: RHB Mike Macfarlane
|
0-0: Ball 1-0: Fly out, F9 (Line Drive, 9, EV 89.4 MPH)
|
| Top of the 1st over - 1 run, 3 hits, 0 errors, 2 left on base; Portland 1 - Tacoma 0 |
| BOTTOM OF THE 1ST |
|
Tacoma Rainiers batting - Pitching for Portland Stag : RHP Bill C. Swift
|
|
Pitching: RHP Bill C. Swift
|
|
|
Batting: RHB Eric Young
|
0-0: Fly out, F8 (Line Drive, 8LD, EV 90.6 MPH)
|
|
Batting: LHB Daryl Boston
|
0-0: Ball 1-0: Fly out, F9 (Flyball, 9S, EV 82.5 MPH)
|
|
Batting: LHB Chito Martinez
|
0-0: Called Strike 0-1: Foul Ball, location: 2F 0-2: Foul Ball, location: 2F 0-2: Ball 1-2: Ball 2-2: SINGLE (Groundball, 4D, EV 100.0 MPH)
|
|
Batting: RHB Russ Davis
|
0-0: Fly out, F3 (Popup, 3F, EV 75.0 MPH)
|
| Bottom of the 1st over - 0 runs, 1 hit, 0 errors, 1 left on base; Portland 1 - Tacoma 0 |
| TOP OF THE 2ND |
|
Portland Stag batting - Pitching for Tacoma Rainiers : RHP Mike Trombley
|
|
Batting: RHB Alex S Gonzalez
|
0-0: Ball 1-0: Ball 2-0: Swinging Strike 2-1: Ground out U3 (Groundball, 3L, EV 101.9 MPH)
|
|
Batting: RHB Mike Mordecai
|
0-0: Ball 1-0: Ball 2-0: Called Strike 2-1: Called Strike 2-2: Strikes out swinging
|
|
Batting: LHB Yoshinobu Takahashi
|
0-0: Ball 1-0: Called Strike 1-1: Fly out, F9 (Flyball, 89S, EV 74.4 MPH)
|
| Top of the 2nd over - 0 runs, 0 hits, 0 errors, 0 left on base; Portland 1 - Tacoma 0 |
| BOTTOM OF THE 2ND |
|
Tacoma Rainiers batting - Pitching for Portland Stag : RHP Bill C. Swift
|
|
Batting: LHB Mario Valdez
|
0-0: Called Strike 0-1: Ground out U3 (Groundball, 34S, EV 85.6 MPH)
|
|
Batting: RHB Jose Guillen
|
0-0: Ball 1-0: Foul Ball, location: 2F 1-1: Ball 2-1: Ground out 5-3 (Groundball, 56S, EV 91.3 MPH)
|
|
Batting: RHB Mike R Kelly
|
0-0: Ball 1-0: Ball 2-0: SINGLE (Groundball, 6MD, EV 99.4 MPH)
|
|
Batting: SHB Jason Bates
|
0-0: Foul Ball, location: 2F 0-1: Fly out, F4 (Popup, 4, EV 62.5 MPH)
|
| Bottom of the 2nd over - 0 runs, 1 hit, 0 errors, 1 left on base; Portland 1 - Tacoma 0 |
| TOP OF THE 3RD |
|
Portland Stag batting - Pitching for Tacoma Rainiers : RHP Mike Trombley
|
|
Batting: SHB Jose Vizcaino
|
0-0: Called Strike 0-1: Ball 1-1: Ball 2-1: Foul Ball, location: 2F 2-2: Strikes out swinging
|
|
Batting: RHB Fernando Tatis
|
0-0: Ball 1-0: Called Strike 1-1: Foul Ball, location: 2F 1-2: Ball 2-2: Fly out, F9 (Flyball, 9LS, EV 83.1 MPH)
|
|
Batting: LHB Scott Stahoviak
|
0-0: Ball 1-0: Ball 2-0: Ball 3-0: Base on Balls
|
|
Batting: RHB Jeff Kunkel
|
0-0: Ball 1-0: Foul Ball, location: 2F 1-1: Swinging Strike 1-2: Fly out, F9 (Flyball, 9, EV 88.1 MPH)
|
| Top of the 3rd over - 0 runs, 0 hits, 0 errors, 1 left on base; Portland 1 - Tacoma 0 |
| BOTTOM OF THE 3RD |
|
Tacoma Rainiers batting - Pitching for Portland Stag : RHP Bill C. Swift
|
|
Batting: LHB Greg O'Halloran
|
0-0: Ground out 1-3 (Groundball, 13S, EV 62.5 MPH)
|
|
Batting: RHB Eric Young
|
0-0: Ball 1-0: Foul Ball, location: 2F 1-1: Ball 2-1: SINGLE (Line Drive, 56, EV 95.0 MPH)
|
|
Batting: LHB Daryl Boston
|
0-0: Foul Ball, location: 2F 0-1: Ball 1-1: Fly out, F7 (Flyball, 8LS, EV 95.6 MPH)
|
|
Batting: LHB Chito Martinez
|
0-0: Foul Ball, location: 2F 0-1: Ball Wild Pitch! Eric Young to second 1-1: Ground out U3 (Groundball, 34, EV 78.1 MPH)
|
| Bottom of the 3rd over - 0 runs, 1 hit, 0 errors, 1 left on base; Portland 1 - Tacoma 0 |
| TOP OF THE 4TH |
|
Portland Stag batting - Pitching for Tacoma Rainiers : RHP Mike Trombley
|
|
Batting: RHB Wes Chamberlain
|
0-0: Ball 1-0: Ball 2-0: Ground out 6-3 (Groundball, 56, EV 103.8 MPH)
|
|
Batting: RHB Mike Macfarlane
|
0-0: Ball 1-0: Foul Ball, location: 2F 1-1: SINGLE (Line Drive, 56D, EV 95.0 MPH)
|
|
Batting: RHB Alex S Gonzalez
|
0-0: Ball 1-0: Ball 2-0: Called Strike 2-1: Ball 3-1: Called Strike 3-2: Strikes out swinging
|
|
Batting: RHB Mike Mordecai
|
0-0: Fly out, F4 (Popup, 3DF, EV 69.4 MPH)
|
| Top of the 4th over - 0 runs, 1 hit, 0 errors, 1 left on base; Portland 1 - Tacoma 0 |
| BOTTOM OF THE 4TH |
|
Tacoma Rainiers batting - Pitching for Portland Stag : RHP Bill C. Swift
|
|
Batting: RHB Russ Davis
|
0-0: TRIPLE (Flyball, 89XD, EV 95.0 MPH)
|
|
Batting: LHB Mario Valdez
|
0-0: Fly out, F9 (Line Drive, 9D, EV 86.9 MPH) Runner from 3rd tags up, SCORES, no throw by RF
|
|
Batting: RHB Jose Guillen
|
0-0: Fly out, F8 (Line Drive, 8RM, EV 92.5 MPH)
|
|
Batting: RHB Mike R Kelly
|
0-0: Fly out, F8 (Flyball, 8LS, EV 92.5 MPH)
|
| Bottom of the 4th over - 1 run, 1 hit, 0 errors, 0 left on base; Portland 1 - Tacoma 1 |
| TOP OF THE 5TH |
|
Portland Stag batting - Pitching for Tacoma Rainiers : RHP Mike Trombley
|
|
Batting: LHB Yoshinobu Takahashi
|
0-0: Called Strike 0-1: Ball 1-1: Fly out, F8 (Line Drive, 8RD, EV 96.9 MPH)
|
|
Batting: SHB Jose Vizcaino
|
0-0: Called Strike 0-1: Ground out U3 (Groundball, 34S, EV 78.8 MPH)
|
|
Batting: RHB Fernando Tatis
|
0-0: Ball 1-0: DOUBLE (Flyball, 8RXD, EV 99.4 MPH)
|
|
Batting: LHB Scott Stahoviak
|
0-0: Foul Ball, location: 2F 0-1: Called Strike 0-2: Strikes out looking
|
| Top of the 5th over - 0 runs, 1 hit, 0 errors, 1 left on base; Portland 1 - Tacoma 1 |
| BOTTOM OF THE 5TH |
|
Tacoma Rainiers batting - Pitching for Portland Stag : RHP Bill C. Swift
|
|
Batting: SHB Jason Bates
|
0-0: Called Strike 0-1: SINGLE (Line Drive, 3D, EV 98.8 MPH)
|
|
Batting: LHB Greg O'Halloran
|
0-0: Ball 1-0: Bunted foul 1-1: Sac Bunt to 13 - play at first, batter OUT! 1-4 Jason Bates to second
|
|
Batting: RHB Eric Young
|
0-0: Ground out 4-3 (Groundball, 4MD, EV 106.3 MPH) Jason Bates to third
|
|
Batting: LHB Daryl Boston
|
0-0: Called Strike 0-1: Ball 1-1: Called Strike 1-2: Foul Ball, location: 2F 1-2: Foul Ball, location: 2F 1-2: Ground out U3 (Groundball, 3, EV 105.6 MPH)
|
| Bottom of the 5th over - 0 runs, 1 hit, 0 errors, 1 left on base; Portland 1 - Tacoma 1 |
| TOP OF THE 6TH |
|
Portland Stag batting - Pitching for Tacoma Rainiers : RHP Mike Trombley
|
|
Batting: RHB Jeff Kunkel
|
0-0: Foul Ball, location: 2F 0-1: Ball 1-1: Ball 2-1: Foul Ball, location: 2F 2-2: Ball 3-2: DOUBLE (Groundball, 5L, EV 96.3 MPH)
|
|
Batting: RHB Wes Chamberlain
|
0-0: Fly out, F7 (Flyball, 78S, EV 86.9 MPH)
|
|
Batting: RHB Mike Macfarlane
|
0-0: Ball 1-0: Ball 2-0: Called Strike 2-1: Swinging Strike 2-2: Ball 3-2: Fly out, F9 (Flyball, 9, EV 86.3 MPH)
|
|
Batting: RHB Alex S Gonzalez
|
0-0: Foul Ball, location: 2F 0-1: Swinging Strike 0-2: Fly out, F8 (Line Drive, 8RM, EV 88.8 MPH)
|
| Top of the 6th over - 0 runs, 1 hit, 0 errors, 1 left on base; Portland 1 - Tacoma 1 |
| BOTTOM OF THE 6TH |
|
Tacoma Rainiers batting - Pitching for Portland Stag : RHP Bill C. Swift
|
|
Batting: LHB Chito Martinez
|
0-0: Foul Ball, location: 2F 0-1: Swinging Strike 0-2: Ground out 1-3 (Groundball, 34S, EV 81.3 MPH)
|
|
Batting: RHB Russ Davis
|
0-0: DOUBLE (Line Drive, 7LM, EV 94.4 MPH)
|
|
Batting: LHB Mario Valdez
|
0-0: Ball 1-0: Ball 2-0: Ball 3-0: Base on Balls
|
|
Batting: RHB Jose Guillen
|
0-0: Ball 1-0: Ball 2-0: Grounds into double play, 4-6-3 (Groundball, 34, EV 91.3 MPH)
|
| Bottom of the 6th over - 0 runs, 1 hit, 0 errors, 1 left on base; Portland 1 - Tacoma 1 |
| TOP OF THE 7TH |
|
Portland Stag batting - Pitching for Tacoma Rainiers : RHP Mike Trombley
|
|
Batting: RHB Mike Mordecai
|
0-0: Ball 1-0: Foul Ball, location: 2F 1-1: Called Strike 1-2: Foul Ball, location: 2F 1-2: Ball 2-2: Ball 3-2: Strikes out swinging
|
|
Batting: LHB Yoshinobu Takahashi
|
0-0: Fly out, F8 (Flyball, 78D, EV 107.5 MPH)
|
|
Batting: SHB Jose Vizcaino
|
0-0: SINGLE (Groundball, 4MS, EV 74.4 MPH) (infield hit)
|
|
Batting: RHB Fernando Tatis
|
0-0: Foul Ball, location: 2F 0-1: Called Strike 0-2: Ball 1-2: Foul Ball, location: 2F 1-2: Foul Ball, location: 2F 1-2: Ball 2-2: Foul Ball, location: 2F 2-2: DOUBLE (Line Drive, 9LD, EV 110.0 MPH) Jose Vizcaino to third Runner from 3rd tries for Home, SAFE, no throw by RF
|
|
Pitching: RHP Carlos Reyes
|
|
|
Batting: LHB Scott Stahoviak
|
0-0: Ball 1-0: Ball 2-0: Called Strike 2-1: SINGLE (Groundball, 56S, EV 70.6 MPH) (infield hit) Fernando Tatis to third
|
|
Batting: RHB Jeff Kunkel
|
0-0: Ball 1-0: Called Strike 1-1: Ball 2-1: Foul Ball, location: 2F 2-2: Foul Ball, location: 2F 2-2: Ball 3-2: Ground out 1-3 (Groundball, 34S, EV 84.4 MPH)
|
| Top of the 7th over - 1 run, 3 hits, 0 errors, 2 left on base; Portland 2 - Tacoma 1 |
| BOTTOM OF THE 7TH |
|
Tacoma Rainiers batting - Pitching for Portland Stag : RHP Bill C. Swift
|
|
Batting: RHB Mike R Kelly
|
0-0: Called Strike 0-1: Ball 1-1: Swinging Strike 1-2: Ball 2-2: Ball 3-2: Strikes out looking
|
|
Batting: SHB Jason Bates
|
0-0: Called Strike 0-1: Ball 1-1: Swinging Strike 1-2: SINGLE (Line Drive, 78S, EV 94.4 MPH)
|
|
Batting: LHB Greg O'Halloran
|
0-0: Ball 1-0: Called Strike 1-1: Ball 2-1: Ball 3-1: Swinging Strike 3-2: Foul Ball, location: 2F 3-2: Grounds into double play, 4-6-3 (Groundball, 4, EV 105.6 MPH)
|
| Bottom of the 7th over - 0 runs, 1 hit, 0 errors, 0 left on base; Portland 2 - Tacoma 1 |
| TOP OF THE 8TH |
|
Portland Stag batting - Pitching for Tacoma Rainiers : RHP Carlos Reyes
|
|
Batting: RHB Wes Chamberlain
|
0-0: Ball 1-0: DOUBLE (Flyball, 89XD, EV 88.8 MPH)
|
|
Batting: RHB Mike Macfarlane
|
0-0: Reached on error, E5 (Groundball, 56S, EV 64.4 MPH) Wes Chamberlain scores
|
|
Batting: RHB Alex S Gonzalez
|
0-0: Swinging Strike 0-1: Ball 1-1: Swinging Strike 1-2: Strikes out swinging
|
|
Batting: RHB Mike Mordecai
|
0-0: Intentional Walk
|
|
Batting: LHB Yoshinobu Takahashi
|
0-0: Swinging Strike 0-1: Ball 1-1: Ball 2-1: Ball 3-1: Base on Balls Mike Macfarlane to third Mike Mordecai to second
|
|
Pitching: LHP Jeff Wallace
|
|
|
Batting: SHB Jose Vizcaino
|
0-0: Fly out, F8 (Flyball, 8LM, EV 87.5 MPH) Runner from 3rd tags up, OUT at HOME! 8-2
|
| Top of the 8th over - 1 run, 1 hit, 1 error, 2 left on base; Portland 3 - Tacoma 1 |
| BOTTOM OF THE 8TH |
|
Tacoma Rainiers batting - Pitching for Portland Stag : RHP Bill C. Swift
|
|
Batting: RHB Eric Young
|
0-0: Fly out, F7 (Flyball, 7, EV 75.6 MPH)
|
|
Batting: LHB Daryl Boston
|
0-0: Ball 1-0: Fly out, F4 (Flyball, 34D, EV 81.9 MPH)
|
|
Batting: LHB Chito Martinez
|
0-0: Ball 1-0: Ball 2-0: Called Strike 2-1: Called Strike 2-2: Strikes out looking
|
| Bottom of the 8th over - 0 runs, 0 hits, 0 errors, 0 left on base; Portland 3 - Tacoma 1 |
| TOP OF THE 9TH |
|
Portland Stag batting - Pitching for Tacoma Rainiers : LHP Jeff Wallace
|
|
Batting: RHB Fernando Tatis
|
0-0: Foul Ball, location: 2F 0-1: Ball 1-1: Foul Ball, location: 2F 1-2: Foul Ball, location: 2F 1-2: Strikes out looking
|
|
Batting: LHB Scott Stahoviak
|
0-0: Ball 1-0: Called Strike 1-1: Ball 2-1: Swinging Strike 2-2: Ball 3-2: Ground out 1-3 (Groundball, 13S, EV 66.9 MPH)
|
|
Batting: RHB Jeff Kunkel
|
0-0: Ball 1-0: Swinging Strike 1-1: SOLO HOME RUN (Flyball, 78XD, EV 102.5 MPH), Distance : 418 ft
|
|
Batting: RHB Wes Chamberlain
|
0-0: Ball 1-0: Ball 2-0: Ball 3-0: Base on Balls
|
|
Pitching: RHP Tavo Alvarez
|
|
|
Batting: RHB Mike Macfarlane
|
0-0: Swinging Strike 0-1: Ball 1-1: Fielders Choice at 2nd, 6-4 (Groundball, 6, EV 82.5 MPH)
|
| Top of the 9th over - 1 run, 1 hit, 0 errors, 1 left on base; Portland 4 - Tacoma 1 |
| BOTTOM OF THE 9TH |
|
Tacoma Rainiers batting - Pitching for Portland Stag : RHP Bill C. Swift
|
|
Pitching: RHP Kerry Ligtenberg
|
|
|
Now in RF: Hiroshi Shibahara
|
|
|
Batting: RHB Russ Davis
|
0-0: Ball 1-0: Foul Ball, location: 2F 1-1: Ball 2-1: Foul Ball, location: 2F 2-2: Ball 3-2: Foul Ball, location: 2F 3-2: Foul Ball, location: 2F 3-2: Ground out 6-3 (Groundball, 6, EV 80.6 MPH)
|
|
Batting: LHB Mario Valdez
|
0-0: Called Strike 0-1: Ball 1-1: Ball 2-1: Ball 3-1: Foul Ball, location: 2F 3-2: DOUBLE (Line Drive, 78D, EV 110.6 MPH)
|
|
Pitching: RHP Gary Haught
|
|
|
Batting: RHB Jose Guillen
|
0-0: Foul Ball, location: 2F 0-1: Foul Ball, location: 2F 0-2: Ball 1-2: Foul Ball, location: 2F 1-2: SINGLE (Groundball, 56D, EV 103.8 MPH) Mario Valdez to third
|
|
Batting: RHB Mike R Kelly
|
0-0: Called Strike 0-1: Ball 1-1: Foul Ball, location: 2F 1-2: Strikes out swinging
|
|
Batting: SHB Jason Bates
|
0-0: Called Strike 0-1: Swinging Strike 0-2: Ball 1-2: Ball 2-2: Fly out, F8 (Flyball, 8RD, EV 93.1 MPH)
|
| Bottom of the 9th over - 0 runs, 2 hits, 0 errors, 2 left on base; Portland 4 - Tacoma 1 |
|